 Dungeon Crawl Stone Soup version 0.31-a0-219-g8d62b2e7bb (webtiles) character file.

Game seed: 5516477059983914677

203 CornPuffBuddha the Digger (level 5, 0/28 HPs)
             Began as a Gargoyle Earth Elementalist on July 3, 2023.
             Slain by a scorpion (6 damage)
             ... in an ossuary.
             The game lasted 00:06:34 (2364 turns).

CornPuffBuddha the Digger (GrEE)                    Turns: 2364, Time: 00:06:35

Health: 0/28       AC:  8    Str: 11    XL:     5   Next: 81%
Magic:  3/11       EV: 11    Int: 18    God:
Gold:   56         SH:  0    Dex: 10    Spells: 4/12 levels left

rFire   . . .        (no weapon)
rCold   . . .        (no shield)
rNeg    + . .        a - +0 robe
rPois   ∞            q - +0 helmet
rElec   +            l - scarf {repulsion}
rCorr   .            (no gloves)
SInv    .            g - +0 pair of boots
Will    .....        (no amulet)
Stlth   ++           (no ring)
HPRegen 0.24/turn    (no ring)
MPRegen 0.12/turn

%: repel missiles
@: no status effects
A: sickness immunity, AC +4, negative energy resistance 1, electricity
resistance, torment resistance 1, petrification resistance
a: no special abilities


You were in an ossuary.
You visited 1 branch of the dungeon, and saw 4 of its levels.
You also visited: Ossuary.

You collected 56 gold pieces.

Inventory:

Armour
 a - a +0 robe (worn)
 g - a +0 pair of boots (worn)
 l - a scarf of repulsion (worn)
 q - a +0 helmet (worn)
Scrolls
 c - a scroll of poison {unknown}
 d - 2 scrolls of enchant armour {unknown}
 e - a scroll of summoning {unknown}
 f - 2 scrolls of identify
 h - a scroll of fear {unknown}
 k - a scroll of vulnerability {unknown}
 o - a scroll of blinking {unknown}
 p - a scroll of acquirement {unknown}
Potions
 b - a potion of magic
 i - a potion of invisibility {unknown}
 j - 2 potions of curing
 m - a potion of heal wounds {unknown}
 n - a potion of ambrosia {unknown}


   Skills:
 - Level 1.5 Dodging
 - Level 2.1 Stealth
 + Level 4.0 Spellcasting
 - Level 0.7 Transmutations
 + Level 5.9 Earth Magic


You had 4 spell levels left.
You knew the following spells:

 Your Spells              Type           Power      Damage    Failure   Level
a - Sandblast             Erth           50%        2d12      1%          1
b - Passwall              Tmut/Erth      12%        N/A       5%          2
c - Stone Arrow           Conj/Erth      28%        3d8       13%         3
d - Searing Ray           Conj           6%         2d4       22%         2

Your spell library contained the following spells:

 Spells                   Type           Power      Damage    Failure   Level
 Magic Dart               Conj           12%        1d3       14%         1
 Call Imp                 Summ           6%         N/A       22%         2
 Petrify                  Tmut/Erth      15%        N/A       36%         4
 Mephitic Cloud           Conj/Pois/Air  3%         N/A       41%         3
 Fulminant Prism          Conj/Hex       1%         3d5       82%         4


Dungeon Overview and Level Annotations

Branches:
Dungeon (4/15)            Ossuary (1/1)
 Temple: D:4-7

Altars:

Shops:
D:2 *


Innate Abilities, Weirdness & Mutations

You are immune to sickness and miasma.
Your stone body is resilient. (AC +4)
You are immune to poison.
You resist negative energy. (rN+)
You are resistant to electric shocks. (rElec)
You are resistant to unholy torment.
You are immune to petrification.


Message History

The world spins around you as you enter the gateway.
You enter an ossuary!
There is an empty arch of ancient stone here.
As you open the door, it creaks loudly!
Found a gate leading back out of this place.
There is an open door here.
You open the door.
A scorpion zombie and a scorpion come into view.
The scorpion zombie moves out of view.
There is an open door here.
The scorpion zombie barely misses you.
The blast of sand hits the scorpion zombie!
The scorpion zombie is moderately damaged.
The scorpion zombie closely misses you.
The blast of sand hits the scorpion zombie!
The scorpion zombie is heavily damaged.
The scorpion zombie hits you but does no damage.
The scorpion zombie hits you.
The blast of sand hits the scorpion zombie!
The scorpion zombie is almost destroyed.
The scorpion zombie hits you. The scorpion barely misses you.
The blast of sand hits the scorpion zombie!
You destroy the scorpion zombie!
The scorpion stings you.
Your Spellcasting skill increases to level 4!
You are too injured to fight recklessly!
You are too injured to fight recklessly!
Aiming: Sandblast (safe; 1% risk of failure)
Press: ? - help, Q - select action, (/) - cycle Shift-Dir - straight line, f - scorpion
Aim: a scorpion (83% to hit)
The blast of sand hits the scorpion!
The scorpion is moderately wounded.
The scorpion stings you. x2
* * * LOW HITPOINT WARNING * * *
Okay, then.
As you read the scroll labelled DEMNUKU JIYWN, it crumbles to dust.
It is a scroll of identify.
j - 2 potions of curing The scorpion stings you.
You die...

#############
#...#...#...#
#.∩.'...8...#
#...#.......#
##'###8@s.8##
#...#.......#
#.∩.#...8...+
#...#...#...#
#############


You could see a scorpion.

Vanquished Creatures
  A scorpion zombie (Ossuary)
  An iguana (D:4)
  An adder (D:3)
  5 gnolls
  2 worms (D:2)
  3 dart slugs (D:2)
  12 orcs
  3 bats
  6 endoplasms
  4 giant cockroaches
  2 goblins
  6 hobgoblins
  6 kobolds
  4 quokkas
  5 ball pythons
  4 frilled lizards
  5 rats
70 creatures vanquished.

Notes
Turn   | Place    | Note
-------+----------+-------------------------------------------
     0 | D:1      | CornPuffBuddha the Gargoyle Earth Elementalist began the
                  | quest for the Orb.
     0 | D:1      | Reached XP level 1. HP: 10/10 MP: 3/3
    26 | D:1      | Reached skill level 4 in Earth Magic
    26 | D:1      | Reached XP level 2. HP: 15/15 MP: 0/5
   685 | D:2      | Reached XP level 3. HP: 19/19 MP: 2/6
   945 | D:2      | Found Ysufasch's Assorted Antiques.
  1244 | D:2      | Found a faded altar of an unknown god.
  1474 | D:2      | Reached XP level 4. HP: 15/24 MP: 2/8
  1596 | D:3      | Learned a level 2 spell: Passwall
  1600 | D:3      | Learned a level 3 spell: Stone Arrow
  1603 | D:3      | Learned a level 2 spell: Searing Ray
  1660 | D:3      | Reached skill level 5 in Earth Magic
  2005 | D:3      | Reached XP level 5. HP: 28/28 MP: 8/10
  2336 | D:4      | Found a sand-covered staircase.
  2345 | Ossuary  | Entered an ossuary
  2364 | Ossuary  | Slain by a scorpion

Illustrated notes

Levels and vault maps discovered:
D:1:      minmay_arrival_cross, layout_rooms
D:2:      layout_basic, serial_shops, shop, shapermc_ecumenical_altar_flowoftime
D:3:      layout_basic
D:4:      layout_basic, chequers_temple_overflow_minitemple,
          minmay_temple_entry_arrows, enter_ossuary_1, eino_tiny_chamber,
          uniq_eustachio, uniq_pikel
Ossuary:  ossuary_minmay_scorpions

Skill      XL: |  1  2  3  4  5 |
---------------+----------------+-----
Earth Magic    | 4 5 |  5.9
Spellcasting   | 3 4 |  4.0
Dodging        | |  1.5
Stealth        | |  2.1
Transmutations | |  0.7

Action                     |  1- 3 |  4- 6 || total
---------------------------+-------+-------++-------
  Melee: Unarmed           |     2 |     2 ||     4
   Cast: Sandblast         |    52 |    51 ||   103
    Use: Scroll            |       |     1 ||     1
 Armour: Robe              |     4 |     5 ||     9
  Dodge: Dodged            |    20 |    19 ||    39

Table legend: (Time is in decaauts)
 A = Elapsed time spent in this place.
 B = Non-inter-level travel time spent in this place.
 C = Inter-level travel time spent in this place.
 D = Time resting spent in this place.
 E = Time spent auto-exploring this place.
 F = Levels seen in this place.
 G = Mean time per level.
                   A        B        C        D        E       F      G
               +--------+--------+--------+--------+--------+-----+--------+
         Total |   2415 |   2367 |     48 |    100 |   1829 |   5 |  483.0 |
       Dungeon |   2394 |   2346 |     48 |    100 |   1829 |   4 |  598.5 |
       Ossuary |     21 |     21 |      0 |      0 |      0 |   1 |   21.0 |
               +--------+--------+--------+--------+--------+-----+--------+

Top non-repeatable levels by time:
     D:2: 983 daAuts
     D:3: 751 daAuts
     D:1: 579 daAuts
     D:4: 79 daAuts
 Ossuary: 21 daAuts
